 Dungeon Crawl Stone Soup version 0.19-a0-1827-g174f941 (webtiles) character file.

163 rgaf the Slasher (level 5, -5/38 HPs)
             Began as a Mummy Gladiator on Oct 8, 2016.
             Was an Initiate of Gozag.
             Slain by HunfridMar's ghost (8 damage)
             ... on level 3 of the Dungeon.
             The game lasted 00:05:08 (4675 turns).

rgaf the Slasher (Mummy Gladiator)                  Turns: 4675, Time: 00:05:09

Health: -5/38      AC:  7    Str: 20    XL:     5   Next: 20%
Magic:  5/5        EV: 11    Int:  7    God:    Gozag
Gold:   251        SH:  0    Dex: 12    Spells: 0 memorised, 4 levels left

rFire  x . .     SeeInvis .     a - +1 long sword
rCold  + . .     Gourm    .     g - +0 ring mail
rNeg   + + +     Faith    .     (no shield)
rPois  ∞         Spirit   .     c - +0 helmet
rElec  .         Dismiss  .     h - +0 cloak
rCorr  .         Reflect  .     (no gloves)
MR     .....     Harm     .     (no boots)
Stlth  +.........               (no amulet)
                                (no ring)
                                (no ring)

@: no status effects
A: no food or potions, fire vulnerability, cold resistance 1, negative energy
resistance 3, torment resistance, unbreathing
a: Potion Petition, Call Merchant, Bribe Branch, Renounce Religion


You were on level 3 of the Dungeon.
You worshipped Gozag.
Gozag was aware of your devotion.
You were not hungry.

You visited 1 branch of the dungeon, and saw 3 of its levels.

You collected 281 gold pieces.
You paid 30 gold pieces to Gozag.

Inventory:

Hand Weapons
 a - a +1 long sword (weapon)
Missiles
 d - 3 throwing nets (quivered)
Armour
 b - a +0 leather armour
 c - a +0 helmet (worn)
 g - a +0 ring mail (worn)
 h - a +0 cloak (worn)
Scrolls
 e - 2 scrolls of identify
 i - 3 scrolls of remove curse
 j - a scroll of blinking {unknown}
 l - a scroll of recharging {unknown}
 n - a scroll of random uselessness {unknown}
 o - a scroll of teleportation {unknown}
Books
 m - a book of Minor Magic

   Spells                             Type                      Level
   a - Magic Dart                     Conjuration                  1
   b - Blink                          Translocation                2
   c - Call Imp                       Summoning                    2
   d - Repel Missiles                 Charms/Air                   2
   e - Slow                           Hexes                        2
   f - Conjure Flame                  Conjuration/Fire             3
   g - Mephitic Cloud                 Conjuration/Poison/Air       3


   Skills:
 - Level 2.0 Fighting
 * Level 4.1 Long Blades
 - Level 1.5 Throwing
 + Level 2.3 Armour
 - Level 2.4 Dodging


You had 4 spell levels left.
You didn't know any spells.

Dungeon Overview and Level Annotations

Branches:
Dungeon (3/15)

Altars:
Dithmenos
Gozag
Okawaru

Annotations:
D:3 HunfridMar's ghost, amateur TeFi


Innate Abilities, Weirdness & Mutations

You do not eat or drink.
Your flesh is vulnerable to fire.
You are immune to poison.
Your flesh is cold resistant. (rC+)
You are immune to negative energy. (rN+++)
You are immune to unholy pain and torment.
You can survive without breathing.


Message History

You hit HunfridMar's ghost.
HunfridMar's ghost is lightly damaged.
HunfridMar's ghost hits you!
You barely miss HunfridMar's ghost.
HunfridMar's ghost is lightly damaged.
HunfridMar's ghost barely misses you.
You riposte.
You hit HunfridMar's ghost.
HunfridMar's ghost is moderately damaged.
You barely miss HunfridMar's ghost.
HunfridMar's ghost is moderately damaged.
HunfridMar's ghost hits you but does no damage.
You hit HunfridMar's ghost but do no damage.
HunfridMar's ghost is moderately damaged.
HunfridMar's ghost hits you! HunfridMar's ghost misses you.
You barely miss HunfridMar's ghost.
HunfridMar's ghost is moderately damaged.
HunfridMar's ghost hits you!
* * * LOW HITPOINT WARNING * * *
HunfridMar's ghost hits you!
You die...
Your body crumbles into a pile of gold.

..........# #.# #..#
#..... ..#######.# #.#
#..# ##.#.## ..# #>#
#.# #..# ##.###.# ###
#.# #.# #..######.##
##. #.# #.# #........##
## #.# #.# ##.######.##
##. #.# #.# #.#
##.###.. #.####.####.#
##.#.##
#.<.....@W..##### ##.##
######..........#####.#
##########.......#
#########


You could see HunfridMar's ghost.

Vanquished Creatures
  3 adders
  4 gnolls
  3 worms (D:2)
  3 dart slugs
  4 leopard geckos
  An orc (D:3)
  A ball python (D:1)
  6 bats
  3 giant cockroaches
  8 goblins
  5 hobgoblins
  10 jackals
  2 quokkas (D:3)
  7 frilled lizards
  4 kobolds
  12 rats
76 creatures vanquished.

Notes
Turn   | Place    | Note
-------+----------+-------------------------------------------
     0 | D:1      | rgaf the Mummy Gladiator began the quest for the Orb.
     0 | D:1      | Reached XP level 1. HP: 16/16 MP: 1/1
   210 | D:1      | Reached XP level 2. HP: 18/22 MP: 2/2
   286 | D:1      | Reached skill level 1 in Armour
   729 | D:1      | Reached skill level 3 in Long Blades
   729 | D:1      | Reached XP level 3. HP: 27/27 MP: 3/3
  1267 | D:1      | Reached XP level 4. HP: 33/33 MP: 4/4
  2398 | D:2      | Found an opulent altar of Gozag.
  2400 | D:2      | Found a shadowy altar of Dithmenos.
  2415 | D:2      | Became a worshipper of Gozag Ym Sagoz the Greedy
  2487 | D:2      | Found an iron altar of Okawaru.
  2627 | D:1      | Reached XP level 5. HP: 32/38 MP: 5/5
  2765 | D:3      | Reached skill level 4 in Long Blades
  2933 | D:3      | Noticed HunfridMar's ghost (amateur TeFi)
  2976 | D:3      | HP: 1/38 [HunfridMar's ghost (2)]
  4675 | D:3      | Slain by HunfridMar's ghost

Vault maps used:
D:1:      dpeg_arrival_circle_labyrinth_c, minmay_surrounded
D:2:      minitemple
D:3:      gammafunk_temple_overflow_statue, kennysheep_generic_room_8

Skill      XL: |  1  2  3  4  5 |
---------------+----------------+-----
Armour         | 1 2 |  2.3
Long Blades    | 3 4 |  4.1
Fighting       | |  2.0
Throwing       | |  1.5
Dodging        | |  2.4

Action                   |  1- 3 |  4- 6 || total
-------------------------+-------+-------++-------
Melee: Long sword        |    90 |   161 ||   251
Throw: Throwing net      |       |     5 ||     5
  Use: Scroll            |       |     3 ||     3
Armor: Leather armour    |    44 |    34 ||    78
       Ring mail         |       |    33 ||    33
Dodge: Dodged            |    88 |   103 ||   191
       Rpst.: Long sword |    23 |    42 ||    65
